[Event "Late-Titled-Tuesday-Blitz-February-27-2024"]
[Site "Chess.com"]
[Date "2024.02.27"]
[Round "2"]
[White "Nouali_Mohamed"]
[Black "Godzillator"]
[Result "1/2-1/2"]
[WhiteElo "2520"]
[BlackElo "2339"]
[TimeControl "180+1"]
[EndTime "14:17:38 PST"]
[Termination "Game drawn by repetition"]

1. e4 d5 2. exd5 Qxd5 3. Nc3 Qd6 4. Nge2 c6 5. d4 Bg4 6. h3 Bh5 7. g4 Bg6 8. Bg2 e6 9. Bf4 Qd8 10. Qd2 Bd6 11. O-O-O Nf6 12. Ng3 Nd5 13. Nxd5 cxd5 14. h4 h6 15. h5 Bh7 16. Rhe1 O-O 17. Bf1 Nc6 18. Bxd6 Qxd6 19. Bd3 Bxd3 20. Qxd3 Nb4 21. Qb3 Rfc8 22. c3 Nc6 23. Kb1 Na5 24. Qb4 Qxb4 25.
cxb4 Nc4 26. b3 Nd6 27. Rc1 Kf8 28. Kb2 Ke7 29. f3 Kd7 30. a4 Rxc1 31. Rxc1 Rc8 32. Rxc8 Kxc8 33. b5 Kd7 34. Kc3 Ke7 35. Kb4 g6 36.
hxg6 fxg6 37. Kc5 Nf7 38. a5 Ng5 39. a6 bxa6 40. bxa6 Nxf3 41. b4 Kd7 42. Ne2 h5 43. gxh5 gxh5 44. Nf4 h4 45. b5 Nd2 46. b6 Nb3+ 47. Kb4 Nxd4 48. bxa7 Nc6+ 49. Kc5 Nxa7 50. Kb6 Nc8+ 51. Kb7 d4 52. Nd3 h3 53. Nc5+ Kd8 54.
Nxe6+ Kd7 55. Nf8+ Kd8 56. Ne6+ Kd7 57. Nc5+ Kd8 58.
Ne6+ 1/2-1/2

[Event "Late-Titled-Tuesday-Blitz-February-27-2024"]
[Site "Chess.com"]
[Date "2024.02.27"]
[Round "2"]
[White "SHIVACalypso"]
[Black "martinmena"]
[Result "0-1"]
[WhiteElo "2484"]
[BlackElo "2258"]
[TimeControl "180+1"]
[EndTime "14:17:39 PST"]
[Termination "martinmena won by resignation"]

1. c4 e6 2. g3 d5 3. Bg2 Nf6 4. b3 Be7 5. Bb2 O-O 6. e3 c5 7. Nf3 Nc6 8. O-O b6 9. d4 Bb7 10. Ne5 Qc7 11. Nd2 Rad8 12. Qc1 Nxe5 13. dxe5 Ng4 14. Nf3 dxc4 15. bxc4 Bxf3 16. Bxf3 Nxe5 17. Bg2 Bf6 18. Qc2 Rd6 19. Rad1 Rfd8 20. f4 Ng4 21. Bxf6 gxf6 22. Rxd6 Qxd6 23. Qe2 f5 24. h3 Nf6 25. Bf3 Qd2 26. Kf2 Qc3 27. Rd1 Rxd1 28. Qxd1 Qxc4 29. Qd2 b5 30. g4 fxg4 31. hxg4 b4 32.
g5 Nd5 33. e4 Qc3 34. Qd1 Nxf4 35. Qd8+ Kg7 36. Kg3 Qe5 37. Qf6+ Qxf6 38. gxf6+ Kxf6 39. Kxf4 e5+ 40. Ke3 c4 41. Be2 c3 42. Kd3 a5 43.
Bd1 Kg5 44. Kc4 h5 45. Kb5 h4 46. Kxa5 h3 47. Kxb4 h2 0-1

[Event "Late-Titled-Tuesday-Blitz-February-27-2024"]
[Site "Chess.com"]
[Date "2024.02.27"]
[Round "2"]
[White "SharathRk6"]
[Black "bazar-wokzal"]
[Result "0-1"]
[WhiteElo "2358"]
[BlackElo "2627"]
[TimeControl "180+1"]
[EndTime "14:17:40 PST"]
[Termination "bazar-wokzal won by resignation"]

1. e4 Nc6 2. d4 d5 3. e5 h5 4. f4 Bg4 5. Be2 Qd7 6. c3 O-O-O 7. Nf3 f6 8. Be3 g5 9. fxg5 Bxf3 10.
gxf3 fxe5 11. dxe5 Nxe5 12. f4 Ng4 13. Bd4 e5 14.
Bxg4 hxg4 15. Bxe5 Re8 16. Qe2 Bg7 17. Nd2 Qf5 18. O-O-O Bxe5 19. fxe5 Rxe5 20. Qb5 Ne7 21. Rhe1 Qxg5 22. Rxe5 Qxe5 23. Qc5 Nc6 24. Qg1 Qg5 25. Qg2 a5 26. Rg1 Ne5 27. Qxd5 Rxh2 28. Re1 Rxd2 29. Qxe5 Rd5+ 30. Qxg5 Rxg5 31. Rg1 Kd7 32. Kd2 Ke6 33. Ke3 Ke5 34. b3 g3 35. a3 g2 36. Kf2 Kf4 37. Ke2 Ke4 38. b4 a4 39.
c4 Kd4 40. c5 Kc3 41. Ke3 Kb2 42. Kd3 Kxa3 43. Kc3 Ka2 44. Kc2 0-1

[Event "Late-Titled-Tuesday-Blitz-February-27-2024"]
[Site "Chess.com"]
[Date "2024.02.27"]
[Round "2"]
[White "Jahonas"]
[Black "Nf3c5"]
[Result "1-0"]
[WhiteElo "2373"]
[BlackElo "2559"]
[TimeControl "180+1"]
[EndTime "14:17:40 PST"]
[Termination "Jahonas won on time"]

1. e4 c5 2. Nf3 Nc6 3. Bc4 e6 4.
O-O a6 5. d3 Nf6 6. Bg5 h6 7.
Bh4 d6 8. Nc3 Be7 9. a4 O-O 10.
Bg3 d5 11. Ba2 Nb4 12. Re1 b6 13. e5 Nh5 14. Ne2 d4 15. Nf4 Nxg3 16. hxg3 Bb7 17.
Bc4 Qd7 18. c3 dxc3 19. bxc3 Nd5 20. Bxd5 Bxd5 21. c4 Bc6 22. Nh5 Rad8 23. Re3 Qb7 24. Nh4 Rd4 25. Nf3 Rd7 26. Rb1 Rfd8 27. Qe2 Bxa4 28. Re4 Rxd3 29. Rg4 g6 30. Nh4 Bxh4 31. gxh4 Rd1+ 32. Rxd1 Bxd1 33. Nf6+ Kg7 34. Qe3 Bxg4 35. Nxg4 Rd1+ 36. Kh2 Qe7 37. Qxh6+ Kg8 38. Nf6+ Qxf6 39.
exf6 1-0

[Event "Late-Titled-Tuesday-Blitz-February-27-2024"]
[Site "Chess.com"]
[Date "2024.02.27"]
[Round "2"]
[White "Sanan_Sjugirov"]
[Black "Maikrosoft63"]
[Result "1-0"]
[WhiteElo "2972"]
[BlackElo "2606"]
[TimeControl "180+1"]
[EndTime "14:17:41 PST"]
[Termination "Sanan_Sjugirov won by resignation"]

1. e4 c5 2. Nf3 Nc6 3. Bb5 d6 4. O-O Bd7 5. Re1 Nf6 6. c3 a6 7. Bf1 Bg4 8. h3 Bxf3 9. Qxf3 g6 10. d3 Bg7 11. Be3 Nd7 12. Nd2 O-O 13. Qd1 b5 14.
Nf3 b4 15. d4 bxc3 16. bxc3 Qa5 17. Rc1 Rab8 18. Rc2 Rfc8 19. d5 Nce5 20. Nxe5 Bxe5 21. Bd2 c4 22. h4 Qa4 23. h5 Nc5 24. hxg6 hxg6 25.
Bg5 Rb7 26. Be3 Kg7 27. f4 Bf6 28. e5 Bh4 29. Ree2 Nd3 30. Bd4 Kg8 31. exd6 exd6 32. f5 Qd7 33. Re4 Bg5 34. fxg6 fxg6 35. Re6 Qf7 36.
Bxd3 cxd3 37. Rf2 Bf4 38. Qxd3 Rcb8 39. Rxg6+ Kf8 40. Rf6 Rb1+ 41. Rf1 Rxf1+ 42. Qxf1 Qxf6 43. Bxf6 Be3+ 44. Kh2 1-0

[Event "Late-Titled-Tuesday-Blitz-February-27-2024"]
[Site "Chess.com"]
[Date "2024.02.27"]
[Round "2"]
[White "Vigg-Sama"]
[Black "ncofre98"]
[Result "1-0"]
[WhiteElo "2237"]
[BlackElo "2473"]
[TimeControl "180+1"]
[EndTime "14:17:42 PST"]
[Termination "Vigg-Sama won on time"]

1. c4 g6 2. g3 Bg7 3. Bg2 c5 4.
Nf3 Nc6 5. Nc3 d6 6. O-O Qd7 7. e3 Bxc3 8. bxc3 b6 9. d4 Bb7 10. Re1 O-O-O 11. a4 Na5 12. Nd2 Bxg2 13. Kxg2 Kb8 14.
e4 e5 15. Nb3 Nc6 16. a5 h5 17. axb6 axb6 18. h4 f6 19. Be3 Nh6 20. Ra6 Kb7 21. Qa1 Ra8 22. Rxa8 Rxa8 23. Qb2 Ng4 24. dxc5 Qc7 25.
cxd6 Qxd6 26. c5 Qd3 27. cxb6 Qxe4+ 28. Kg1 Ra5 29. Nxa5+ Nxa5 30. Qb5 Nc6 31. c4 f5 32.
Qd5 Qxd5 33. cxd5 Nb4 34. d6 Nf6 35. Bg5 Nd7 36. Be7 Kxb6 37. Rb1 Kb5 38. Kg2 Ka5 39.
Rc1 Kb5 40. Rc7 Nb6 41. d7 Nc6 42. d8=Q 1-0

[Event "Late-Titled-Tuesday-Blitz-February-27-2024"]
[Site "Chess.com"]
[Date "2024.02.27"]
[Round "2"]
[White "chedimir"]
[Black "pfalcon1949"]
[Result "1-0"]
[WhiteElo "2415"]
[BlackElo "1902"]
[TimeControl "180+1"]
[EndTime "14:17:42 PST"]
[Termination "chedimir won by checkmate"]

1. e4 e6 2. d4 d5 3. e5 c5 4. c3 Nc6 5. Be3 Qb6 6. Qd2 f6 7.
Nf3 fxe5 8. Nxe5 Nf6 9. Bd3 cxd4 10. cxd4 Bb4 11. Nc3 O-O 12. O-O Bd7 13. Rac1 Rae8 14. a3 Bd6 15. f4 Kh8 16. b4 a6 17. Nxd7 Nxd7 18. Na4 Qd8 19. Nc5 Nxc5 20. dxc5 Bb8 21. Rf3 Qf6 22. Rh3 g6 23. Rf1 d4 24. Bf2 Bxf4 25. Qc2 e5 26. Bxg6 h6 27. Bxe8 Rxe8 28. g3 Bg5 29. Qe4 Rf8 30. Kg2 d3 31. Qxd3 Nd4 32.
Bxd4 Qc6+ 33. Kg1 Rxf1+ 34. Kxf1 exd4 35. Qxd4+ Kh7 36. Rh5 Qh1+ 37. Kf2 Qc6 38. h4 Bf6 39. Qd3+ Kg7 40. Qf5 a5 41. g4 Bd4+ 42. Kg3 Qc7+ 43.
Qf4 Bf2+ 44. Kf3 Qxf4+ 45. Kxf4 Bd4 46. b5 Bb2 47. c6 bxc6 48. bxc6 Bxa3 49. Rxa5 Bd6+ 50.
Kf5 Bh2 51. c7 Bxc7 52. Ra7 Kf8 53. Rxc7 h5 54. gxh5 Ke8 55. Ke6 Kd8 56. Re7 Kc8 57. Kd6 Kd8 58. Re6 Kc8 59. Kc6 Kd8 60. Re5 Kc8 61.
Re8# 1-0

[Event "Late-Titled-Tuesday-Blitz-February-27-2024"]
[Site "Chess.com"]
[Date "2024.02.27"]
[Round "2"]
[White "NCchamp"]
[Black "GlavkonVVS"]
[Result "1-0"]
[WhiteElo "2347"]
[BlackElo "2511"]
[TimeControl "180+1"]
[EndTime "14:17:43 PST"]
[Termination "NCchamp won by resignation"]

1. d4 Nf6 2. Bg5 c5 3. Bxf6 gxf6 4. d5 Qb6 5. Qc1 Bh6 6. e3 d6 7. c4 Nd7 8. Nc3 f5 9. Nf3 a6 10. Bd3 Nf6 11. Qc2 e6 12. Rb1 Rg8 13. g3 Bd7 14.
a3 Qa5 15. b4 Qxa3 16. bxc5 Qxc5 17. Rxb7 exd5 18. Bxf5 Bc6 19. Rb1 dxc4 20. e4 Ke7 21. O-O Rgb8 22. e5 Bxf3 23. exf6+ Kxf6 24. Be4 Qh5 25. Nd5+ Ke5 26. Rfe1 Rxb1 27. Qxb1 Bd2 28. Bxf3+ Bxe1 29.
Qxe1+ Kd4 30. Bxh5 Rb8 31. Qd2+ Kc5 32. Ne3 Rb5 33.
Qd5+ Kb4 34. Qxc4+ Ka5 35. Be2 Kb6 36. Qd4+ Rc5 37.
Qxd6+ Rc6 38. Qb4+ Kc7 39. Nd5+ Kd7 40. Qe7+ Kc8 41.
Nf6 1-0

[Event "Late-Titled-Tuesday-Blitz-February-27-2024"]
[Site "Chess.com"]
[Date "2024.02.27"]
[Round "2"]
[White "IlanSchnaider"]
[Black "Cristi_Coca"]
[Result "1-0"]
[WhiteElo "2717"]
[BlackElo "2389"]
[TimeControl "180+1"]
[EndTime "14:17:44 PST"]
[Termination "IlanSchnaider won on time"]

1. e4 c5 2. Nf3 e6 3. d4 cxd4 4. Nxd4 a6 5. c4 Nf6 6. Nc3 Qc7 7. a3 b6 8. Be3 Bb7 9. f3 d6 10. Be2 Nbd7 11. O-O Be7 12. Rc1 Rc8 13. b4 O-O 14.
Kh1 Qb8 15. Qd2 Rfe8 16. Rfd1 Bd8 17. g4 Ne5 18. g5 Nfd7 19. Na4 Qa8 20. Nb3 Bxe4 21.
fxe4 Qxe4+ 22. Kg1 Nxc4 23. Bxc4 Rxc4 24. Nc3 Qg4+ 25. Qg2 Qh5 26. Rd4 Rxd4 27. Nxd4 Ne5 28. Ne4 b5 29. h3 Bb6 30. Kh1 Bxd4 31. Bxd4 Nf3 32. Be3 Ne5 33. Rf1 Rc8 34. Rg1 Kh8 35. Bf4 Rc4 36. Bxe5 dxe5 37. Ng3 1-0

[Event "Late-Titled-Tuesday-Blitz-February-27-2024"]
[Site "Chess.com"]
[Date "2024.02.27"]
[Round "2"]
[White "dropstoneDP"]
[Black "karinachess1"]
[Result "1-0"]
[WhiteElo "2996"]
[BlackElo "2609"]
[TimeControl "180+1"]
[EndTime "14:17:46 PST"]
[Termination "dropstoneDP won by resignation"]

1. e4 e5 2. Nf3 Nc6 3. Bc4 Nf6 4. d3 h6 5. c3 d6 6. a4 g5 7. a5 a6 8. Qb3 Qe7 9. Nbd2 Bg7 10. Nf1 Nd8 11.
Ng3 Be6 12. Bxe6 fxe6 13. Be3 O-O 14. Nf5 Qf7 15. Nxg7 Kxg7 16. h4 g4 17. Nd2 Nh5 18. g3 d5 19. d4 exd4 20. Bxd4+ Kg8 21. exd5 exd5 22. O-O-O Nc6 23. Bc5 Rfb8 24. Rhe1 Nf6 25. Qa4 h5 26. Be3 Re8 27. Qf4 Qg6 28. Nb3 Rac8 29. Qg5 Kh7 30. Re2 Re5 31. Qxg6+ Kxg6 32. Red2 Ne7 33. Nc5 b6 34. axb6 cxb6 35. Nd3 Re4 36. Nf4+ Kf7 37. Bxb6 Rc6 38. Bd4 Nf5 39. Bxf6 Kxf6 40.
Nxd5+ Kf7 41. Kb1 a5 42. Nf4 Re7 43. Nxh5 Rb7 44. Ka2 Rcb6 45. Rd7+ Ke6 46. Nf4+ Ke5 47. R1d5+ Kf6 48. Rxb7 Rxb7 49. Rxa5 Nd6 50. Ra6 Ke5 51. Nd3+ Kd5 52. Nb4+ Ke5 53. Nd3+ Kd5 54. Ra4 Rf7 55. Rd4+ Kc6 56. Ne5+ 1-0

[Event "Late-Titled-Tuesday-Blitz-February-27-2024"]
[Site "Chess.com"]
[Date "2024.02.27"]
[Round "2"]
[White "maximnovik"]
[Black "Genghis_K"]
[Result "0-1"]
[WhiteElo "2593"]
[BlackElo "2927"]
[TimeControl "180+1"]
[EndTime "14:17:46 PST"]
[Termination "Genghis_K won on time"]

1. e4 c5 2. Nf3 d6 3. d4 cxd4 4. Nxd4 Nf6 5. Nc3 a6 6. f4 e5 7. Nf3 Nbd7 8. a4 Be7 9. Bd3 O-O 10. O-O Qc7 11. Kh1 Nc5 12. Qe1 Re8 13. fxe5 dxe5 14. Bg5 Be6 15. Nh4 Nh5 16. Nf3 Rad8 17. Rd1 Nf4 18. Bxf4 exf4 19. e5 Nxd3 20. cxd3 Qb6 21.
Rd2 Bf5 22. d4 Bb4 23. Qh4 Bg6 24. Qxf4 Qa5 25. Nh4 Bxc3 26. bxc3 Qxc3 27. Nxg6 fxg6 28. Qf7+ Kh8 29. Rdf2 h6 30. e6 Qxd4 31. e7 Rc8 32. Qxg6 Qxf2 33. Qxe8+ Kh7 34. Qf8 Rxf8 35. exf8=Q Qe2 36. Qf5+ Kg8 37. Qc8+ Qe8 38. Qxe8+ Kh7 39. Qe4+ g6 40.
Qe7+ Kg8 0-1

[Event "Late-Titled-Tuesday-Blitz-February-27-2024"]
[Site "Chess.com"]
[Date "2024.02.27"]
[Round "2"]
[White "platy3"]
[Black "ninguno46"]
[Result "1-0"]
[WhiteElo "2934"]
[BlackElo "2595"]
[TimeControl "180+1"]
[EndTime "14:17:48 PST"]
[Termination "platy3 won by resignation"]

1. e4 c5 2. Nf3 Nc6 3. d4 cxd4 4. Nxd4 g6 5. c4 Nf6 6. Nc3 d6 7. f3 Nxd4 8. Qxd4 Bg7 9. Be3 O-O 10. Qd2 a5 11. b3 a4 12. b4 Be6 13. Rc1 Rc8 14.
Nb5 Nd7 15. Be2 Ne5 16. Na3 f5 17. exf5 Rxf5 18. O-O Rf8 19. Rfd1 Qe8 20. Bd4 Qf7 21. Qe3 Qf4 22. Qxf4 Rxf4 23. Be3 Rff8 24. h3 Nc6 25.
Rb1 Bf5 26. Bd3 Bxd3 27. Rxd3 Ne5 28. Rd4 Nc6 29. Re4 Kf7 30. Nb5 Rfd8 31. Bb6 Rd7 32. a3 d5 33. Rd1 dxe4 34. Rxd7 Ke6 35. Rxb7 exf3 36. gxf3 Ne5 37. c5 Nxf3+ 38. Kg2 Nh4+ 39. Kf2 Nf5 40. Bc7 Rf8 41. Ke2 Kd5 42. Bh2 Kc4 43.
c6 Bd4 44. c7 Rc8 45. Rb8 Rxc7 46. Nxc7 e5 47. Ne6 Bb2 48. b5 Bxa3 49. b6 Bd6 50. Ra8 Kb5 51. b7 a3 52. b8=Q+ Bxb8 53. Rxb8+ Kc6 54. Ra8 1-0

[Event "Late-Titled-Tuesday-Blitz-February-27-2024"]
[Site "Chess.com"]
[Date "2024.02.27"]
[Round "2"]
[White "TheKingDoctor"]
[Black "mightysmasher"]
[Result "0-1"]
[WhiteElo "2352"]
[BlackElo "2553"]
[TimeControl "180+1"]
[EndTime "14:17:48 PST"]
[Termination "mightysmasher won by checkmate"]

1. e4 e5 2. Nf3 Nc6 3. d4 exd4 4. Bc4 Nf6 5. Ng5 Ne5 6. Qxd4 d6 7. O-O h6 8. f4 Nxc4 9. Qxc4 hxg5 10. fxg5 Be6 11.
Qb5+ Nd7 12. Nc3 g6 13. Nd5 Bg7 14. Nf6+ Bxf6 15. gxf6 c6 16. Qxb7 Qb6+ 17. Qxb6 axb6 18. b3 Nc5 19. Re1 Rh4 20. e5 dxe5 21. Rxe5 Rd8 22.
Bg5 Re4 23. Re1 Rxe5 24. Rxe5 Rd1+ 25. Kf2 Ra1 26. a4 Ra2 27. Re2 Kd7 28. Be3 Ne4+ 29. Kf3 Bd5 30. Kf4 b5 31. axb5 cxb5 32. Ke5 Kc6 33.
g4 b4 34. h4 Ra5 35. Kd4 Nc3 36.
Rh2 Be6 37. Bd2 Rd5+ 38. Ke3 Re5+ 39. Kf3 Bd5+ 40. Kf4 Re4+ 41. Kg5 Be6 42. Rg2 Rd4 43. Be3 Rd5+ 44. Kh6 Ne4 45. g5 Nd6 46. Kg7 Nf5+ 47.
Kf8 Rd8# 0-1

[Event "Late-Titled-Tuesday-Blitz-February-27-2024"]
[Site "Chess.com"]
[Date "2024.02.27"]
[Round "2"]
[White "Christ_is_alive"]
[Black "Rawnsdale"]
[Result "0-1"]
[WhiteElo "2293"]
[BlackElo "2515"]
[TimeControl "180+1"]
[EndTime "14:17:49 PST"]
[Termination "Rawnsdale won on time"]

1. e4 c6 2. d4 d5 3. Nd2 dxe4 4. Nxe4 Nf6 5. Nxf6+ exf6 6. c3 Bd6 7. Bd3 O-O 8. Qc2 Re8+ 9. Ne2 h5 10. Be3 Nd7 11. O-O Nf8 12. Rae1 Be6 13. Nf4 h4 14. Nxe6 Nxe6 15.
h3 Qc7 16. Bc4 c5 17. dxc5 Bxc5 18. Bxc5 Nxc5 19. Qf5 a6 20. b4 Nd7 21. Bd3 g6 22. Qd5 Ne5 23. Bb1 Qxc3 24. Rc1 Qxb4 25. f4 Rad8 26. Qc5 Qxc5+ 27. Rxc5 Nc6 28. Bc2 Rd2 29. Bb3 Ree2 30. Bd5 Kg7 31. Rb1 Nd8 32. Bf3 Re7 33. a4 Ra2 34. Rc8 Ne6 35. Rc4 b5 36.
axb5 axb5 37. Rxb5 g5 38. fxg5 fxg5 39. Re5 Kf6 40.
Rce4 Rc7 41. Re1 Rcc2 42. Bd5 Rab2 43. R5e3 Nf4 44. Rf1 Kg6 45. Bb3 Rd2 46. Rxf4 gxf4 0-1

[Event "Late-Titled-Tuesday-Blitz-February-27-2024"]
[Site "Chess.com"]
[Date "2024.02.27"]
[Round "2"]
[White "ukchessbomber"]
[Black "mishanick"]
[Result "1-0"]
[WhiteElo "2653"]
[BlackElo "3070"]
[TimeControl "180+1"]
[EndTime "14:17:51 PST"]
[Termination "ukchessbomber won by resignation"]

1. b4 e5 2. Bb2 d6 3. e3 Bf5 4.
c4 a5 5. a3 Nf6 6. Nf3 e4 7. Nd4 Bg6 8. Be2 c5 9. bxc5 dxc5 10.
Nb5 Nc6 11. O-O Be7 12. N1c3 O-O 13. Na4 Re8 14. Bxf6 Bxf6 15. Rb1 b6 16. Nbc3 Bxc3 17. dxc3 Qg5 18. Nxb6 Ne5 19. Nxa8 Rxa8 20. Qd5 Re8 21. Rb5 h5 22. Rxc5 h4 23. h3 Bf5 24. Kh2 Kh7 25. Rb1 Qf6 26. Rbb5 g6 27. Qd4 Bxh3 28. Rxe5 Qxf2 29. Qxe4 Qg3+ 30. Kg1 Rd8 31. Rbd5 Rb8 32.
Rb5 Rd8 33. Rh5+ Kg8 34. Rhd5 Rf8 35. Qf3 Qe1+ 36. Qf1 Qg3 37. Qf2 Be6 38. Qxg3 hxg3 39. Rd4 Rc8 40. c5 Kg7 41. Bf3 Kf6 42. Kf1 g5 43. Rb6 Rxc5 44. c4 Ke5 45. Bd5 Bf5 46. Rb5 Rc7 47. Be4+ Kf6 48. Rxf5+ 1-0

[Event "Late-Titled-Tuesday-Blitz-February-27-2024"]
[Site "Chess.com"]
[Date "2024.02.27"]
[Round "2"]
[White "Zq1"]
[Black "Njal28"]
[Result "0-1"]
[WhiteElo "2623"]
[BlackElo "3024"]
[TimeControl "180+1"]
[EndTime "14:17:52 PST"]
[Termination "Njal28 won on time"]

1. d4 Nf6 2. c4 e6 3. Nf3 d5 4. Nc3 Nbd7 5. cxd5 exd5 6. Bf4 Bb4 7. e3 Ne4 8. Rc1 g5 9. Bg3 h5 10. h3 Qe7 11. Bh2 g4 12. hxg4 hxg4 13. Bd6 Bxc3+ 14. bxc3 Qf6 15. Be5 Rxh1 16. Bxf6 gxf3 17. gxf3 Nexf6 18. Kd2 c6 19. Qb3 Rh2 20. Be2 Nb6 21. Rg1 Rxf2 22.
Ke1 Rh2 23. Qb4 Be6 24. Qd6 Rh8 25. e4 Rd8 26. Qc7 dxe4 27. fxe4 Nxe4 28. Qe5 Rh4 29. Rg8+ Kd7 30. Rxd8+ Kxd8 31. Qb8+ Nc8 32. Bd3 Rh1+ 33. Ke2 Nxc3+ 34. Kd2 Nd5 35. Qxb7 Rh2+ 36. Kc1 Nf4 37. Ba6 Ne2+ 38. Kd2 Nxd4+ 39. Kd3 Nf5 40. Qb8 Rh3+ 41. Ke4 Nd6+ 42. Ke5 Rh5+ 43. Kf4 Rf5+ 44. Kg3 Ra5 45. Bxc8 Nxc8 46. Qb4 Rxa2 47. Qf8+ Kd7 0-1

[Event "Late-Titled-Tuesday-Blitz-February-27-2024"]
[Site "Chess.com"]
[Date "2024.02.27"]
[Round "2"]
[White "TheAlienParty"]
[Black "DryCounty"]
[Result "1-0"]
[WhiteElo "2398"]
[BlackElo "2672"]
[TimeControl "180+1"]
[EndTime "14:17:52 PST"]
[Termination "TheAlienParty won on time"]

1. c4 Nf6 2. Nf3 g6 3. b3 Bg7 4. Bb2 O-O 5. g3 d6 6. Bg2 a5 7. a3 c6 8. O-O e5 9. d3 Na6 10.
Nc3 Nc5 11. b4 Ne6 12. e4 axb4 13. axb4 Rxa1 14. Qxa1 Nh5 15. Rd1 f5 16. exf5 gxf5 17. Qa5 Qxa5 18. bxa5 Bd7 19. Na4 Be8 20. Bc3 Bg6 21. Nh4 Ra8 22. Nxg6 hxg6 23. Rb1 Ra7 24. Nb6 Nd4 25. Bxd4 exd4 26. Nc8 Rxa5 27. Rxb7 Ra1+ 28. Bf1 d5 29. cxd5 cxd5 30. Ne7+ Kh7 31. Nxd5 Kh6 32. Ne7 Nf6 33. Rb4 Bf8 34. Rb7 Bxe7 35. Rxe7 f4 36.
gxf4 Nh5 37. Re4 Ra4 38. Kg2 Nf6 39. Re6 Kg7 40. Kf3 Ra1 41. Bh3 Rh1 42. Kg2 Rd1 43. f5 g5 44. Rd6 Rxd3 45. f3 Rd2+ 46. Kg1 d3 47. Bf1 Nh5 48. Rxd3 Rxd3 49. Bxd3 Kf6 50.
Be4 Nf4 51. Kf2 Nh5 52. Ke3 Nf4 53. Kd4 Ng2 54. Kd5 Nf4+ 55. Kd6 Nh3 56. Kd7 Ng1 57. Ke8 Nh3 58. Kf8 Nf4 59. Kg8 Ne2 60.
Kh7 Nf4 61. Kh6 Ne2 62. Kh5 Nf4+ 63. Kg4 Ne2 64. f4 Nxf4 65. h4 Ng2 66. hxg5+ Ke5 67. Bxg2 1-0

[Event "Late-Titled-Tuesday-Blitz-February-27-2024"]
[Site "Chess.com"]
[Date "2024.02.27"]
[Round "2"]
[White "PositionalPanther"]
[Black "CURRUTACO59"]
[Result "1-0"]
[WhiteElo "2504"]
[BlackElo "2241"]
[TimeControl "180+1"]
[EndTime "14:17:52 PST"]
[Termination "PositionalPanther won on time"]

1. Nf3 Nf6 2. g3 b6 3. Bg2 Bb7 4. O-O c5 5. c4 e6 6. b3 Be7 7. Bb2 O-O 8. d4 cxd4 9. Nxd4 Bxg2 10. Kxg2 Qc7 11. Nc3 Qb7+ 12. Nf3 d6 13. Qd2 a6 14. Rfd1 Nbd7 15. Rac1 Rfd8 16. Kg1 b5 17. Qf4 bxc4 18. Qxc4 d5 19. Qd3 Nc5 20. Qb1 Rac8 21. Qa1 Qb6 22. h3 Nce4 23. Nxe4 dxe4 24. Bd4 Qb5 25. Ne5 Qxe2 26. Nc6 Ba3 27. Nxd8 Bxc1 28. Rxc1 Rxd8 29.
Bxf6 gxf6 30. Qxf6 Rd1+ 31. Rxd1 Qxd1+ 32. Kg2 Qc2 33. Qd8+ Kg7 34. Qg5+ Kf8 35. Qa5 e3 36. Qb4+ Kg7 37.
Qd4+ Kf8 38. Qxe3 Qxa2 39. Qh6+ Kg8 40. Qg5+ Kf8 41. Qd8+ Kg7 42. Qd4+ Kg8 43. Qc4 Kg7 44. h4 h6 45. h5 Qa5 46. Qg4+ Kf8 47. Qf4 Kg7 48. g4 Qd5+ 49. Qf3 1-0

[Event "Late-Titled-Tuesday-Blitz-February-27-2024"]
[Site "Chess.com"]
[Date "2024.02.27"]
[Round "2"]
[White "yaguigor"]
[Black "Oleksandr_Bortnyk"]
[Result "0-1"]
[WhiteElo "2625"]
[BlackElo "3054"]
[TimeControl "180+1"]
[EndTime "14:17:53 PST"]
[Termination "Oleksandr_Bortnyk won by resignation"]

1. e4 Nf6 2. e5 Nd5 3. d4 d6 4. Nf3 dxe5 5. Nxe5 c6 6. Be2 Bf5 7. Bd3 Bxd3 8. Nxd3 Nd7 9. O-O e6 10. c4 N5f6 11.
Nc3 Bd6 12. Qe2 O-O 13. Ne5 Qa5 14. Bf4 Bb4 15. Rac1 Rad8 16. a3 Bxc3 17. Rxc3 Nxe5 18. dxe5 Ne8 19. Rd1 Rxd1+ 20. Qxd1 Nc7 21. Rd3 b5 22. b4 Qa6 23. Rd7 Na8 24. Rd8 Qb6 25. Rxf8+ Kxf8 26. Qd2 bxc4 27. Qd6+ Ke8 28. Be3 Qc7 29. Qc5 Nb6 30.
f4 Nd5 31. Bd2 Qb6 32. Kf2 Qxc5+ 33. bxc5 Kd7 34. Kf3 f5 35. exf6 gxf6 36. Ke4 c3 37. Bc1 Kc7 38. g4 Kd7 39. h4 Ke7 40. h5 a5 41. g5 Kf7 42. Kd4 a4 43. Ke4 Kg7 44.
Kd4 h6 45. Ke4 fxg5 46. fxg5 hxg5 47. Bxg5 Nf6+ 48. Kd3 Nxh5 49. Kxc3 Nf6 50. Kb4 Kg6 51. Be3 Nd5+ 0-1

[Event "Late-Titled-Tuesday-Blitz-February-27-2024"]
[Site "Chess.com"]
[Date "2024.02.27"]
[Round "2"]
[White "VinzentSpitzl"]
[Black "GMthekingindian"]
[Result "1-0"]
[WhiteElo "2510"]
[BlackElo "2280"]
[TimeControl "180+1"]
[EndTime "14:17:53 PST"]
[Termination "VinzentSpitzl won by resignation"]

1. d4 d5 2. Nf3 c6 3. g3 Nf6 4.
Bg2 h6 5. O-O Bf5 6. c4 e6 7.
Nc3 Nbd7 8. Re1 Be7 9. b3 O-O 10.
Ne5 Nxe5 11. dxe5 Ne4 12. Nxe4 Bxe4 13. Bxe4 dxe4 14. Qc2 f5 15. exf6 Bxf6 16. Rb1 Qa5 17. Bd2 Qf5 18. Be3 b6 19. Red1 Rad8 20. Rxd8 Rxd8 21.
Rd1 Rf8 22. Qd2 c5 23. Kg2 Rd8 24. Qc2 Bd4 25. h3 Rf8 26. Qc1 e5 27. Rf1 Qd7 28. Bd2 e3 29. Bxe3 e4 30. Rd1 Qf5 31. Rf1 g5 32.
Qd2 Qf6 33. b4 Rf7 34. bxc5 bxc5 35. Rb1 Kh7 36. Rc1 h5 37. Rf1 Kg6 38. f3 Qe6 39. Bxd4 cxd4 40. Qxd4 exf3+ 41. exf3 Qf5 42. Qe4 Qxe4 43.
fxe4 Re7 44. Re1 Kf6 45. Kf3 Ke5 46. Rd1 Rc7 47. Rd5+ Kf6 48. c5 Rc6 49. Rd6+ Rxd6 50. cxd6 Ke6 51. e5 1-0

[Event "Late-Titled-Tuesday-Blitz-February-27-2024"]
[Site "Chess.com"]
[Date "2024.02.27"]
[Round "2"]
[White "CarlosjPineror"]
[Black "Kiborg95"]
[Result "0-1"]
[WhiteElo "2549"]
[BlackElo "2821"]
[TimeControl "180+1"]
[EndTime "14:17:54 PST"]
[Termination "Kiborg95 won on time"]

1. e4 d6 2. d4 Nf6 3. Nc3 e5 4. Nf3 Nbd7 5. Bc4 Be7 6. O-O O-O 7. h3 c6 8. a4 h6 9. Qe2 exd4 10. Nxd4 Re8 11.
Ba2 Bf8 12. Qf3 Nc5 13. Re1 d5 14. e5 Nh7 15. Bf4 Qh4 16. Rad1 a5 17. Qg3 Qxg3 18. Bxg3 Ng5 19. f3 Nge6 20. Nce2 Nxd4 21. Rxd4 Bf5 22. Bb1 Nd7 23. Rdd1 Bg6 24. f4 Nc5 25. b3 Ne4 26.
c3 Bc5+ 27. Kh2 Re7 28. Bh4 Ree8 29. g4 Bh7 30. Bxe4 Bxe4 31. Nd4 Ra6 32. Rd2 g5 33. Bg3 gxf4 34. Bxf4 Kh7 35. Kg3 Bf8 36. Nf5 Rb6 37.
Nd4 Bg7 38. Nf3 Rxb3 39. Nd4 Rxc3+ 40. Kh2 Bxe5 41. Bxe5 Rxe5 42. Rf2 Kg8 43. Ref1 Bg6 44. Nf5 Bxf5 45. gxf5 Ree3 46. Rg2+ Kf8 47. Kg1 Rxh3 48. Re1 Rhg3 49. Rb1 Rb3 0-1

[Event "Late-Titled-Tuesday-Blitz-February-27-2024"]
[Site "Chess.com"]
[Date "2024.02.27"]
[Round "2"]
[White "Korchmar_Vasiliy"]
[Black "WPWPWP-2015"]
[Result "1-0"]
[WhiteElo "2697"]
[BlackElo "2431"]
[TimeControl "180+1"]
[EndTime "14:17:54 PST"]
[Termination "Korchmar_Vasiliy won by checkmate"]

1. Nf3 Nf6 2. c4 c6 3. Nc3 d5 4.
e3 Bg4 5. h3 Bxf3 6. Qxf3 e6 7.
b3 Nbd7 8. Bb2 Qa5 9. a3 dxc4 10.
Bxc4 Ne5 11. Qe2 Nxc4 12. bxc4 Be7 13. O-O O-O 14. d4 e5 15. dxe5 Qxe5 16. Nd5 Qd6 17. Nxe7+ Qxe7 18. a4 Rfd8 19. a5 Ne4 20. Rfd1 f6 21.
a6 Rxd1+ 22. Qxd1 Rd8 23. Qb3 Nc5 24. Qb4 b6 25. Bd4 Kf7 26. Bxc5 bxc5 27. Qb7 Qxb7 28. axb7 Rb8 29. Rxa7 Ke7 30. f4 Kd6 31. Kf2 Kc7 32. Kf3 Rxb7 33. Rxb7+ Kxb7 34. Ke4 Kc7 35. Kf5 Kd7 36.
e4 Ke7 37. e5 g6+ 38. Ke4 fxe5 39. Kxe5 Kd7 40. Kf6 Kd6 41. g4 Kd7 42. f5 gxf5 43.
gxf5 Kd6 44. h4 Kd7 45. Kg7 Kd6 46. f6 Ke5 47. f7 Kd4 48. f8=Q Kxc4 49. Kxh7 Kb4 50.
Kg6 Kb5 51. h5 c4 52. h6 c5 53. h7 c3 54. h8=Q c2 55. Qb2+ Ka5 56. Qa8# 1-0